 Dungeon Crawl Stone Soup version 0.31.0-11-ge490571c62 (webtiles) character file.

Game seed: 9326795192903220338

122 Goblin1989 the Cudgeller (level 4, -1/35 HPs)
             Began as a Demonspawn Delver on Feb 4, 2024.
             Frozen to death by an endoplasm (5 damage)
             ... on level 2 of the Dungeon.
             The game lasted 00:08:07 (2011 turns).

Goblin1989 the Cudgeller (Demonspawn Delver)        Turns: 2011, Time: 00:08:08

Health: -1/35      AC:  3    Str: 14    XL:     4   Next: 78%
Magic:  4/4        EV: 12    Int: 11    God:
Gold:   64         SH:  0    Dex: 16    Spells: 3/3 levels left

rFire   . . .        a - +0 mace
rCold   . . .        (no shield)
rNeg    . . .        b - +0 leather armour
rPois   .            (no helmet)
rElec   .            (no cloak)
rCorr   .            (no gloves)
SInv    .            (no boots)
Will    .....        (no amulet)
Stlth   ++++         (no ring)
HPRegen 0.25/turn    (no ring)
MPRegen 0.09/turn

%: no passive effects
@: no status effects
A: thin skeletal structure 1, demonic magic 1
a: no special abilities


You were on level 2 of the Dungeon.
You visited 1 branch of the dungeon, and saw 5 of its levels.

You collected 64 gold pieces.

Inventory:

Hand Weapons
 a - a +0 mace (weapon)
Missiles
 t - 6 javelins (quivered) {@Q3}
Armour
 b - a +0 leather armour (worn)
Wands
 g - a wand of digging (3) {@v3}
Scrolls
 c - a scroll of fog
 d - a scroll of revelation
 e - 2 scrolls of fear
 i - 2 scrolls of teleportation {unknown}
 k - a scroll of blinking {unknown}
 n - 2 scrolls of identify {unknown}
 s - a scroll of vulnerability {unknown}
Potions
 f - 2 potions of haste {@q3,}
 h - a potion of cancellation {unknown}
 j - a potion of mutation {unknown}
 l - 2 potions of brilliance {unknown}
 m - 3 potions of curing {unknown}
 o - 3 potions of berserk rage {unknown}
 p - 2 potions of heal wounds {unknown}
 q - 2 potions of attraction {unknown}
 r - a potion of invisibility {unknown}


   Skills:
 - Level 3.0 Fighting
 + Level 4.6 Maces & Flails
 - Level 1.7 Dodging
 - Level 4.5 Stealth


You had 3 spell levels left.
You didn't know any spells.
Your spell library contained the following spells:

 Spells                   Type           Power      Damage    Failure   Level
 Foxfire                  Conj/Fire      0%         2x1d4     41%         1
 Freeze                   Ice            0%         1d3       41%         1
 Frozen Ramparts          Ice            0%         1d1       80%         3
 Hailstorm                Conj/Ice       0%         3d5       80%         3
 Irradiate                Conj/Alch      0%         3d11      100%        5
 Plasma Beam              Fire/Air       0%         2x1d10    100%        6
 Lehudib's Crystal Spear  Conj/Erth      0%         10d2      100%        8


Dungeon Overview and Level Annotations

Branches:
Dungeon (5/15) Zot: 25513
 Temple: D:4-7

Altars:


Innate Abilities, Weirdness & Mutations

You have a somewhat thin skeletal structure. (Dex +2, Stealth+)
Spells you cast may paralyse adjacent enemies.


Message History

There is an open door here.
You pick up a book of Frost and begin reading...
You add the spells Freeze, Frozen Ramparts and Hailstorm to your library.
o - 3 murky golden potions (gained 2)
A goblin and a quokka come into view.
The goblin shouts!
There are monsters nearby!
A quokka comes into view.
An endoplasm comes into view.
The goblin misses you.
You closely miss the goblin. The goblin misses you.
You hit the goblin.
You kill the goblin!
The quokka bites you but does no damage.
You see here a +0 club.
You hit the quokka.
The quokka is moderately wounded.
The quokka barely misses you. The quokka bites you.
You take 2 damage, and have 33/35 hp.
You hit the quokka but do no damage.
The quokka is moderately wounded.
The quokka barely misses you.
You miss the quokka.
The quokka is moderately wounded.
The quokka bites you. x2
You take 5 damage, and have 28/35 hp.
You barely miss the quokka.
The quokka is moderately wounded.
The quokka twitches its whiskers.
The quokka misses you.
You hit the quokka.
The quokka is severely wounded.
The quokka misses you.
You closely miss the quokka.
The quokka is severely wounded.
The quokka bites you. The quokka closely misses you.
You take 2 damage, and have 27/35 hp.
You miss the quokka.
The quokka is severely wounded.
The quokka barely misses you.
You hit the quokka.
You kill the quokka!
The gnoll hits you with a +0 whip!
You take 7 damage, and have 20/35 hp.
You are too injured to fight recklessly!
You are too injured to fight recklessly!
You are too injured to fight recklessly!
You are too injured to fight recklessly!
You are too injured to fight recklessly!
You are too injured to fight recklessly!
You are too injured to fight recklessly!
You are too injured to fight recklessly!
You are too injured to fight recklessly!
You are too injured to fight recklessly!
You are too injured to fight recklessly!
You are too injured to fight recklessly!
You are too injured to fight recklessly!
You are too injured to fight recklessly!
You are too injured to fight recklessly!
You are too injured to fight recklessly!
You are too injured to fight recklessly!
You are too injured to fight recklessly!
You are too injured to fight recklessly!
You are too injured to fight recklessly!
You are too injured to fight recklessly!
You are too injured to fight recklessly!
You are too injured to fight recklessly!
You are too injured to fight recklessly!
You are too injured to fight recklessly!
You are too injured to fight recklessly!
You are too injured to fight recklessly!
You are too injured to fight recklessly!
You are too injured to fight recklessly!
You barely miss the gnoll. The gnoll closely misses you.
You barely miss the gnoll. The gnoll hits you with a +0 whip.
You take 2 damage, and have 18/35 hp.
You hit the gnoll but do no damage. The gnoll hits you with a +0 whip!
* * * LOW HITPOINT WARNING * * *
You take 8 damage, and have 10/35 hp.
MASSIVE DAMAGE!!
You sock the gnoll!
The gnoll is heavily wounded.
The gnoll hits you with a +0 whip.
* * * LOW HITPOINT WARNING * * *
You take 3 damage, and have 7/35 hp.
You hit the gnoll.
The gnoll is severely wounded.
The gnoll hits you but does no damage. The gnoll hits you with a +0 whip.
* * * LOW HITPOINT WARNING * * *
You take 3 damage, and have 4/35 hp.
You hit the gnoll.
You kill the gnoll!
You barely miss the endoplasm. You punch the endoplasm.
The endoplasm is moderately wounded.
The endoplasm hits you.
* * * LOW HITPOINT WARNING * * *
You hit the endoplasm but do no damage.
The endoplasm is moderately wounded.
The endoplasm freezes you.
You are frozen.
You die...

██.........†███...███.
████.......█...†..8...∆.
.████..........█████.....███
......██.......█ ██.%.███
.......█.......█ ██)██.██
█.........█ █∆█)†..
r.████.████████ █...██r
█........███


███████ ███████...@█ █ ███..J...... ████.████. . ... .. ██.. ... .. .... . .████
You could see an endoplasm.

Vanquished Creatures
  3 adders
  3 gnolls (D:2)
  A dart slug (D:1)
  A ribbon worm (D:2)
  An orc (D:2)
  5 endoplasms
  4 giant cockroaches
  4 goblins
  6 hobgoblins
  3 jackals (D:1)
  4 quokkas
  9 ball pythons
  4 bats
  A frilled lizard (D:1)
  6 kobolds (D:1)
  3 rats
58 creatures vanquished.

Notes
Turn   | Place    | Note
-------+----------+-------------------------------------------
     0 | D:5      | Goblin1989 the Demonspawn Delver began the quest for the
                  | Orb.
     0 | D:5      | Reached XP level 1. HP: 18/18 MP: 1/1
    32 | D:5      | Gained mutation: You have a somewhat thin skeletal
                  | structure. (Dex +2, Stealth+) [demonic ancestry]
    32 | D:5      | Reached XP level 2. HP: 17/24 MP: 2/2
   147 | D:5      | Noticed a bombardier beetle
   326 | D:2      | Reached XP level 3. HP: 19/29 MP: 3/3
  1205 | D:1      | Gained mutation: Spells you cast may paralyse adjacent
                  | enemies. [demonic ancestry]
  1205 | D:1      | Reached XP level 4. HP: 32/35 MP: 4/4
  1560 | D:2      | Got Asmodeus's Information on Fiery Trauma
  2011 | D:2      | Frozen to death by an endoplasm

Illustrated notes

Levels and vault maps discovered:
D:1:      saegor_arrival_simple_a, layout_basic, minmay_domino_4
D:2:      layout_rooms, ebering_ecumenical_altar_abandoned, grunt_ministairs_15
D:3:      layout_basic, yredelemnul_altar_generic, dreamdust_wishing_well,
          lexackson_kobold_supper
D:4:      layout_loops_ring, tgw_sif, worldfamousw_hep_ancestral_shrine,
          uniq_pikel, uniq_ijyb
D:5:      layout_loops_ring, minmay_temple_entry_statues_fountains,
          minmay_misc_feat_alley, serial_bayou_crossing

Skill      XL: |  1  2  3  4 |
---------------+-------------+-----
Maces & Flails | 2 3 4 |  4.6
Fighting       | |  3.0
Dodging        | |  1.7
Stealth        | |  4.5

Action                     |  1- 3 |  4- 6 || total
---------------------------+-------+-------++-------
  Melee: Mace              |   111 |    64 ||   175
         Punch             |     1 |     3 ||     4
   Stab: Sleeping          |     9 |     5 ||    14
 Armour: Leather armour    |    70 |    41 ||   111
  Dodge: Dodged            |    71 |    27 ||    98
